 Dungeon Crawl Stone Soup version 0.21.1-1-g345015f (webtiles) character file.

2655 xccam the Cudgeler (level 9, 0/68 HPs)
             Began as a Gnoll Wanderer on Mar 3, 2018.
             Was a Follower of Ru.
             Slain by a two-headed ogre
             ... wielding a +0 giant club
              (12 damage)
             ... on level 8 of the Dungeon.
             The game lasted 00:20:56 (6456 turns).

xccam the Cudgeler (Gnoll Wanderer)                 Turns: 6456, Time: 00:20:56

Health: 0/68       AC: 11    Str: 20    XL:     9   Next: 62%
Magic:  0/15       EV: 10    Int: 16    God:    Ru [*.....]
Gold:   277        SH:  0    Dex: 16    Spells: 16/16 levels left

rFire    + . .     SeeInvis .   t - +2 trident (pierce)
rCold    . . .     Gourm    .   (no shield)
rNeg     . . .     Faith    .   o - +0 chain mail
rPois    .         Spirit   +   (no helmet)
rElec    .         Reflect  .   (no cloak)
rCorr    .         Harm     .   (no gloves)
MR       .....                  (no boots)
Stlth    ..........             l - amulet of guardian spirit
HPRegen  0.21/turn              j - ring of protection from fire
MPRegen  0.14/turn              y - +5 ring of strength

@: no potions, very slightly contaminated
A: distributed training, fangs 1, icy blue scales 1, subdued magic 1, inability
to drink while threatened, strong nose
a: Renounce Religion


You were on level 8 of the Dungeon.
You worshipped Ru.
Ru was aware of your devotion.
You were not hungry.

You visited 2 branches of the dungeon, and saw 9 of its levels.

You collected 277 gold pieces.

Inventory:

Hand Weapons
 a - a +3 spear
 r - a +0 whip
 t - a +2 trident of piercing (weapon)
Missiles
 i - 223 stones
 w - a throwing net
 x - 2 tomahawks (quivered)
Armour
 o - a +0 chain mail (worn)
Jewellery
 j - a ring of protection from fire (left hand)
 l - an amulet of guardian spirit (around neck)
 q - an uncursed ring of ice
 s - an uncursed amulet of magic regeneration
 y - a +5 ring of strength (right hand)
Wands
 d - a wand of flame (14)
 p - a wand of clouds (7)
Scrolls
 b - 7 scrolls of teleportation
 e - 3 scrolls of enchant weapon
 g - 2 scrolls of identify
 h - 3 scrolls of remove curse
 n - 2 scrolls of magic mapping
 v - 3 scrolls of amnesia
Potions
 c - a potion of lignification
 k - 4 potions of curing
 m - a potion of agility
 z - a potion of heal wounds
 B - a potion of mutation
 D - a potion of might
Books
 A - a book of Frost

   Spells                             Type                      Level
   a - Freeze                         Ice                          1
   b - Throw Frost                    Conjuration/Ice              2
   c - Ozocubu's Armour               Charms/Ice                   3
   d - Throw Icicle                   Conjuration/Ice              4
   e - Summon Ice Beast               Ice/Summoning                4
Comestibles
 f - 7 rations
 C - 2 chunks of flesh


   Skills:
 + Level 5.1 Fighting
 + Level 4.3 Short Blades
 + Level 4.3 Long Blades
 + Level 4.3 Axes
 + Level 7.9 Maces & Flails
 + Level 6.4 Polearms
 + Level 4.3 Staves
 + Level 4.3 Slings
 + Level 4.3 Bows
 + Level 4.3 Crossbows
 + Level 5.1 Throwing
 + Level 5.1 Armour
 + Level 4.3 Dodging
 + Level 5.0 Stealth
 + Level 4.3 Shields
 + Level 4.3 Unarmed Combat
 + Level 4.3 Spellcasting
 + Level 3.5 Conjurations
 + Level 3.5 Hexes
 + Level 3.5 Charms
 + Level 3.5 Summonings
 + Level 3.5 Necromancy
 + Level 3.5 Translocations
 + Level 3.5 Transmutations
 + Level 3.5 Fire Magic
 + Level 3.5 Ice Magic
 + Level 3.5 Air Magic
 + Level 3.5 Earth Magic
 + Level 3.5 Poison Magic
 + Level 4.8 Invocations
 + Level 5.1 Evocations


You had 16 spell levels left.
You didn't know any spells.

Dungeon Overview and Level Annotations

Branches:
Dungeon (8/15)             Temple (1/1) D:5
   Lair: D:8-11

Altars:
Ashenzari
Cheibriados
Dithmenos
Elyvilon
Fedhas
Gozag
Hepliaklqana
Makhleb
Nemelex Xobeh
Okawaru
Qazlal
Ru
Sif Muna
Trog
Uskayaw
Wu Jian
Xom
Yredelemnul
Zin
The Shining One


Innate Abilities, Weirdness & Mutations

Your experience applies equally to all skills.
You have very sharp teeth.
You cannot drink potions while threatened.
Your uncanny sense of smell can sniff out nearby items.
You are partially covered in icy blue scales. (AC +2)
Your spells are a little easier to cast, but a little less powerful.


Message History

You hit the two-headed ogre. You punch the two-headed ogre.
You bite the two-headed ogre.
The two-headed ogre is severely wounded.
The two-headed ogre hits you but does no damage.
The two-headed ogre hits you with a giant spiked club!
* * * LOW HITPOINT WARNING * * *
Throwing (i - inventory. (,) - cycle):
x - 3 tomahawks (quivered)
Press: ? - help, Shift-Dir - straight line, f/p - two-headed ogre
Aim: a two-headed ogre, wielding a giant club and a giant spiked club (severely wounded)
You throw a tomahawk. The tomahawk hits the two-headed ogre!
The two-headed ogre is almost dead.
You flicker back into view.
Your chain mail prevents you from hitting the two-headed ogre.
You bite the two-headed ogre, but do no damage.
The two-headed ogre is almost dead.
The two-headed ogre is stunned by your will and fails to attack.
You hit the two-headed ogre. Your bite misses the two-headed ogre.
The two-headed ogre is almost dead.
The two-headed ogre hits you with a giant club!
You die...

#.....# #.# #(# #.#
##..[## #.#
#(###.##########
#.....#######.#
#..............#
#.............#
#..#...###.###.#
#.....#########
#..##.## #.# #.#
##...## ##.####
#.###.# ...#.##
#########..# #.....#
##.#.# ...........#
#...### #...
##..@O..# #...# .#.
#....?...(#######...#
..
#..#.........)......#
#. ##..#.#.#.#####..#
#..#.#...#......#
#..#.##.#..###.##
#..#.##.#.## #.#
#..#.##.#.# #.#
#.##.#.####.#


You could see a two-headed ogre.

Vanquished Creatures
  A hungry ghost (D:7)
  An ice beast (D:6)
  3 phantoms
  2 sky beasts
  2 black bears (D:6)
  A centaur (D:7)
  5 ogres
  3 bullfrogs
  A scorpion (D:4)
  3 crimson imps
  2 bullfrog zombies
  A jelly (D:7)
  A quasit (D:5)
  A hound (D:5)
  3 orc priests
  A centaur skeleton (D:6)
  6 orc wizards
  A bullfrog skeleton (D:7)
  Jessica (D:2)
  2 iguanas (D:5)
  9 worker ants
  2 hound zombies (D:6)
  A hound skeleton (D:5)
  A worker ant zombie (D:7)
  9 adders
  A shadow imp (D:6)
  7 leopard geckos
  20 orcs
  11 bats
  2 giant cockroaches
  7 goblins
  7 hobgoblins
  3 jackals (D:7)
  8 kobolds
  2 quokkas
  7 frilled lizards
  A leopard gecko skeleton (D:7)
  A leopard gecko zombie (D:5)
  A quokka skeleton (D:5)
  5 rats
146 creatures vanquished.

Vanquished Creatures (others)
  An orc (D:4)
1 creature vanquished.

Grand Total: 147 creatures vanquished

Notes
Turn   | Place    | Note
-------+----------+-------------------------------------------
     0 | D:1      | xccam the Gnoll Wanderer began the quest for the Orb.
     0 | D:1      | xccam set off with: a +2 spear, a scroll of teleportation, a potion of lignification, a +0 robe, a ration
     0 | D:1      | Reached XP level 1. HP: 17/17 MP: 2/2
   194 | D:1      | Reached XP level 2. HP: 17/23 MP: 3/3
   585 | D:1      | Reached XP level 3. HP: 24/28 MP: 4/4
  1131 | D:2      | Noticed Jessica
  1136 | D:2      | Killed Jessica
  1136 | D:2      | Reached skill level 1 in Short Blades
  1136 | D:2      | Reached skill level 1 in Long Blades
  1136 | D:2      | Reached skill level 1 in Axes
  1136 | D:2      | Reached skill level 1 in Staves
  1136 | D:2      | Reached skill level 1 in Slings
  1136 | D:2      | Reached skill level 1 in Bows
  1136 | D:2      | Reached skill level 1 in Crossbows
  1136 | D:2      | Reached skill level 1 in Dodging
  1136 | D:2      | Reached skill level 1 in Shields
  1136 | D:2      | Reached skill level 1 in Unarmed Combat
  1136 | D:2      | Reached skill level 1 in Spellcasting
  1136 | D:2      | Reached skill level 1 in Invocations
  1136 | D:2      | Reached XP level 4. HP: 30/34 MP: 4/6
  1445 | D:2      | Reached skill level 1 in Conjurations
  1445 | D:2      | Reached skill level 1 in Hexes
  1445 | D:2      | Reached skill level 1 in Charms
  1445 | D:2      | Reached skill level 1 in Summonings
  1445 | D:2      | Reached skill level 1 in Necromancy
  1445 | D:2      | Reached skill level 1 in Translocations
  1445 | D:2      | Reached skill level 1 in Transmutations
  1445 | D:2      | Reached skill level 1 in Fire Magic
  1445 | D:2      | Reached skill level 1 in Ice Magic
  1445 | D:2      | Reached skill level 1 in Air Magic
  1445 | D:2      | Reached skill level 1 in Earth Magic
  1445 | D:2      | Reached skill level 1 in Poison Magic
  1590 | D:2      | Reached XP level 5. HP: 30/40 MP: 7/7
  1883 | D:3      | Found an ornate altar of the Wu Jian Council.
  1888 | D:3      | Found a glowing silver altar of Zin.
  1888 | D:3      | Found a snail-covered altar of Cheibriados.
  1888 | D:3      | Found a hazy altar of Hepliaklqana.
  1889 | D:3      | Found a hide-covered altar of Uskayaw.
  1955 | D:3      | Found a white marble altar of Elyvilon.
  2130 | D:3      | Noticed a phantom
  2164 | D:3      | Killed a phantom
  2164 | D:3      | Reached XP level 6. HP: 20/47 MP: 3/8
  2513 | D:4      | Reached skill level 5 in Polearms
  2876 | D:4      | Found a burning altar of Makhleb.
  2876 | D:4      | Noticed an Executioner
  2881 | D:4      | Noticed a hellwing
  2881 | D:4      | Noticed an orange demon
  2986 | D:4      | Reached XP level 7. HP: 52/52 MP: 10/10
  3022 | D:4      | Reached skill level 7 in Maces & Flails
  3255 | D:5      | Entered Level 5 of the Dungeon
  3323 | D:5      | Gained mutation: Your spells are a little easier to cast, but a little less powerful. [potion of mutation]
  3323 | D:5      | Gained mutation: You are partially covered in icy blue scales. (AC +2) [potion of mutation]
  3594 | D:5      | Found a staircase to the Ecumenical Temple.
  3614 | Temple   | Entered the Ecumenical Temple
  3653 | Temple   | Became a worshipper of Ru the Awakened
  3670 | D:5      | Reached XP level 8. HP: 49/60 MP: 12/12
  5141 | D:6      | Reached XP level 9. HP: 56/66 MP: 11/14
  5358 | D:7      | Gained mutation: You cannot drink potions while threatened. [Ru sacrifice]
  5358 | D:7      | Reached * piety under Ru
  6217 | D:8      | Reached skill level 5 in Fighting
  6217 | D:8      | Reached skill level 5 in Throwing
  6217 | D:8      | Reached skill level 5 in Armour
  6217 | D:8      | Reached skill level 5 in Evocations
  6262 | D:8      | Found a shattered altar of Ashenzari.
  6321 | D:8      | Reached skill level 5 in Stealth
  6391 | D:8      | Noticed a two-headed ogre
  6456 | D:8      | Slain by a two-headed ogre

Skill      XL: |  1  2  3  4  5  6  7  8  9 |
---------------+----------------------------+-----
Short Blades   | 1 2 3 4 |  4.3
Long Blades    | 1 2 3 4 |  4.3
Axes           | 1 2 3 4 |  4.3
Staves         | 1 2 3 4 |  4.3
Slings         | 1 2 3 4 |  4.3
Bows           | 1 2 3 4 |  4.3
Crossbows      | 1 2 3 4 |  4.3
Dodging        | 1 2 3 4 |  4.3
Shields        | 1 2 3 4 |  4.3
Unarmed Combat | 1 2 3 4 |  4.3
Spellcasting   | 1 2 3 4 |  4.3
Invocations    | 1 2 3 4 |  4.8
Conjurations   | 1 2 3 |  3.5
Hexes          | 1 2 3 |  3.5
Charms         | 1 2 3 |  3.5
Summonings     | 1 2 3 |  3.5
Necromancy     | 1 2 3 |  3.5
Translocations | 1 2 3 |  3.5
Transmutations | 1 2 3 |  3.5
Fire Magic     | 1 2 3 |  3.5
Ice Magic      | 1 2 3 |  3.5
Air Magic      | 1 2 3 |  3.5
Earth Magic    | 1 2 3 |  3.5
Poison Magic   | 1 2 3 |  3.5
Fighting       | 3 4 5 |  5.1
Throwing       | 3 4 5 |  5.1
Armour         | 3 4 5 |  5.1
Evocations     | 3 4 5 |  5.1
Stealth        | 3 4 5 |  5.0
Polearms       | 5 6 |  6.4
Maces & Flails | 7 |  7.9

Action                   |  1- 3 |  4- 6 |  7- 9 || total
-------------------------+-------+-------+-------++-------
Melee: Spear             |    74 |   223 |    56 ||   353
       Bite              |     6 |    21 |    54 ||    81
       Punch             |       |     1 |     5 ||     6
       Trident           |       |       |   337 ||   337
Throw: Stone             |     6 |    23 |       ||    29
       Tomahawk          |       |     3 |    38 ||    41
Invok: Sacrifice Drink   |       |       |     1 ||     1
  Use: Scroll            |       |     9 |     4 ||    13
       Potion            |       |     4 |     4 ||     8
 Stab: Sleeping          |     4 |       |       ||     4
       Invisible         |       |     2 |       ||     2
  Eat: Chunk             |       |     6 |     5 ||    11
       Ration            |       |     1 |     2 ||     3
Armor: Robe              |    15 |     9 |       ||    24
       Chain mail        |       |    78 |   192 ||   270
Dodge: Dodged            |    32 |    63 |   132 ||   227
